 Dungeon Crawl Stone Soup version 0.30-a0-341-g682706514a (webtiles) character file.

Game seed: 17864787527093025830

123 Hubris850 the Insei (level 5, -1/39 HPs)
             Began as a Merfolk Transmuter on Nov 3, 2022.
             Killed from afar by Natasha (6 damage)
             ... with a puff of flame
             ... on level 3 of the Dungeon.
             The game lasted 00:05:40 (2593 turns).

Hubris850 the Insei (Merfolk Transmuter)            Turns: 2593, Time: 00:05:41

Health: -1/39      AC:  5    Str: 12    XL:     5   Next: 7%
Magic:  8/8        EV: 11    Int: 12    God:
Gold:   157        SH:  0    Dex: 15    Spells: 7/8 levels left

rFire   . . .      SeeInvis .      - Unarmed
rCold   . . .      Faith    .    (no shield)
rNeg    . . .      Spirit   .    e - +0 ring mail
rPois   .          Reflect  .    (no helmet)
rElec   .          Harm     .    (no cloak)
rCorr   .          Rampage  .    (no gloves)
Will    .....                    (no boots)
Stlth   +.........               l - amulet of the acrobat
HPRegen 0.26/turn                k - ring of wizardry
MPRegen 0.11/turn                (no ring)

@: no status effects
A: (nimble swimmer 2), mertail
a: no special abilities


You were on level 3 of the Dungeon.
You visited 1 branch of the dungeon, and saw 4 of its levels.

You collected 157 gold pieces.

Inventory:

Missiles
 c - 2 poisoned darts
Armour
 a - a +0 robe
 d - a +0 scale mail
 e - a +0 ring mail (worn)
 i - a +0 leather armour
Jewellery
 k - a ring of wizardry (left hand)
 l - an amulet of the acrobat (around neck)
Potions
 b - a potion of lignification
 f - 2 potions of attraction
 g - a potion of flight
 h - 5 potions of curing
 j - a potion of brilliance {unknown}


   Skills:
 + Level 2.5 Fighting
 + Level 3.9 Dodging
 - Level 2.0 Stealth
 * Level 4.6 Unarmed Combat
 - Level 2.0 Spellcasting
 - Level 2.6 Transmutations


You had 7 spell levels left.
You knew the following spells:

 Your Spells              Type           Power      Damage    Failure   Level
a - Beastly Appendage     Tmut           14%        N/A       9%          1

Your spell library contained the following spells:

 Spells                   Type           Power      Damage    Failure   Level
 Wereblood                Tmut           7%         N/A       12%         2
 Spider Form              Tmut/Pois      4%         N/A       38%         3
 Summon Guardian Golem    Hex/Summ       1%         N/A       56%         3
 Ice Form                 Ice/Tmut       4%         N/A       77%         4
 Orb of Destruction       Conj           0%         9d5       100%        7
 Spellforged Servitor     Conj/Summ      0%         N/A       100%        7


Dungeon Overview and Level Annotations

Branches:
Dungeon (4/15)
 Temple: D:4-7

Altars:

Annotations:
D:3 Natasha
D:4 Robin


Innate Abilities, Weirdness & Mutations

((You are very nimble when in or above water. (Stealth+, EV+, Speed+++)))
Your lower body shifts to a powerful aquatic tail in water.


Message History

The goblin barely misses you.
Natasha mumbles some strange words.
You barely miss Natasha.
Natasha is almost dead.
The goblin hits you but does no damage.
You barely miss Natasha.
Natasha is almost dead.
Natasha casts a spell.
The goblin hits you with a +0 club.
You hit Natasha.
Natasha is almost dead.
Natasha claws you. The goblin hits you but does no damage.
You barely miss Natasha.
Natasha is almost dead.
Natasha drinks a potion.
Natasha is healed!
The white imp closely misses you. The iron imp barely misses you.
The goblin completely misses you.
You hit Natasha but do no damage.
Natasha is moderately wounded.
Natasha closely misses you. The white imp closely misses you.
The iron imp barely misses you. The goblin closely misses you.
You hit Natasha.
Natasha is heavily wounded.
Natasha stares at you and mumbles some strange words.
The magic dart hits you. The white imp hits you.
* * * LOW HITPOINT WARNING * * *
The white imp freezes you.
* * * LOW HITPOINT WARNING * * *
The goblin hits you but does no damage. The iron imp completely misses you.
You feel better.
Natasha zaps a wand.
The puff of flame misses you.
The white imp hits you but does no damage.
The goblin hits you with a +0 club.
* * * LOW HITPOINT WARNING * * *
You barely miss Natasha.
Natasha is heavily wounded.
The iron imp barely misses you. The white imp gestures at you.
The puff of frost hits you!
* * * LOW HITPOINT WARNING * * *
Natasha zaps a wand.
The puff of flame hits you.
You die...

.......#.#...........###+## #....
.......#.#................###.##.
.......#.#.#..###.........#...##.
#..........#..####..........####.
#...#..#.###...###....#..#######.
#..#...#.................#.......
#......#.###.........#.#.#.......
#.##'#######.....5...#.#.#.......
#.#.......##....@g...'.#.####....
..#.......##....5h...#.#....)....
..#..................#.#.........
..'..................#.##........
..#.)................#.##........
..'..................#.#.........
.##..................#.#.........
.##.......#####........#.##.....#
.####'##### ######.###........#


You could see an iron imp (summoned), Natasha, a white imp (summoned) and a
goblin.

Vanquished Creatures
  Natasha (D:4)
  3 adders
  A worm (D:2)
  2 dart slugs
  7 endoplasms
  2 giant cockroaches
  9 goblins
  6 hobgoblins
  8 kobolds
  4 quokkas
  5 ball pythons
  6 bats
  3 frilled lizards
  2 rats (D:2)
59 creatures vanquished.

Notes
Turn   | Place    | Note
-------+----------+-------------------------------------------
     0 | D:1      | Hubris850 the Merfolk Transmuter began the quest for the
                  | Orb.
     0 | D:1      | Reached XP level 1. HP: 15/15 MP: 3/3
   104 | D:1      | Reached XP level 2. HP: 18/21 MP: 5/5
   416 | D:1      | Reached skill level 1 in Stealth
   632 | D:1      | Reached XP level 3. HP: 26/26 MP: 6/6
   941 | D:2      | Reached skill level 4 in Unarmed Combat
  1150 | D:2      | Reached XP level 4. HP: 33/33 MP: 7/7
  2431 | D:4      | Noticed Natasha
  2475 | D:4      | Killed Natasha
  2476 | D:4      | Reached XP level 5. HP: 37/39 MP: 6/8
  2550 | D:4      | Noticed Robin
  2573 | D:4      | Noticed Natasha
  2593 | D:3      | Killed from afar by Natasha

Illustrated notes

Levels and vault maps discovered:
D:1:      spicycebolla_arrival_xxxplode, layout_basic
D:2:      layout_basic, chequers_avenue, hex_tiny, minmay_between
D:3:      layout_basic
D:4:      layout_cave_pools, minmay_misc_feat_hallway, nicolae_wooded_promenade,
          uniq_natasha, uniq_menkaure, uniq_robin

Skill      XL: |  1  2  3  4 |
---------------+-------------+-----
Dodging        | 3 |  3.9
Stealth        | 1 2 |  2.0
Unarmed Combat | 4 |  4.6
Fighting       | 2 |  2.5
Spellcasting   | |  2.0
Transmutations | |  2.6

Action                   |  1- 3 |  4- 6 || total
-------------------------+-------+-------++-------
Melee: Unarmed           |   123 |   104 ||   227
       Headbutt          |     2 |       ||     2
       Punch             |     1 |     3 ||     4
 Cast: Beastly Appendage |     1 |     1 ||     2
  Use: Scroll            |     2 |     4 ||     6
       Potion            |       |     1 ||     1
Armor: Scale mail        |    11 |       ||    11
       Ring mail         |    26 |    39 ||    65
Dodge: Dodged            |    68 |    91 ||   159

Table legend: (Time is in decaauts)
 A = Elapsed time spent in this place.
 B = Non-inter-level travel time spent in this place.
 C = Inter-level travel time spent in this place.
 D = Time resting spent in this place.
 E = Time spent auto-exploring this place.
 F = Levels seen in this place.
 G = Mean time per level.
                   A        B        C        D        E       F      G
               +--------+--------+--------+--------+--------+-----+--------+
         Total |   2584 |   2483 |    101 |     95 |   1818 |   4 |  646.0 |
       Dungeon |   2584 |   2483 |    101 |     95 |   1818 |   4 |  646.0 |
               +--------+--------+--------+--------+--------+-----+--------+

Top non-repeatable levels by time:
     D:1: 863 daAuts
     D:3: 830 daAuts
     D:2: 770 daAuts
     D:4: 119 daAuts
